 Dungeon Crawl Stone Soup version 0.28.0-45-g0d030f2227 (console) character file.

Game seed: 8301606393270122038

4 Zeor the Skirmisher (level 1, 0/14 HPs)
             Began as a Gargoyle Berserker on Apr 14, 2022.
             Was a Follower of Trog.
             Slain by a kobold
             ... wielding a +0 dagger
              (1 damage)
             ... on level 1 of the Dungeon.
             The game lasted 00:00:22 (63 turns).

Zeor the Skirmisher (Gargoyle Berserker)              Turns: 63, Time: 00:00:23

Health: 0/14       AC:  4    Str: 20    XL:     1   Next: 70%
Magic:  1/1        EV: 11    Int:  7    God:    Trog [*.....]
Gold:   22         SH:  0    Dex:  9    Spells: 0/0 levels left

rFire   . . .      SeeInvis .   a - +0 mace
rCold   . . .      Faith    .   (no shield)
rNeg    + . .      Spirit   .   b - +0 animal skin
rPois   ∞          Reflect  .   (no helmet)
rElec   +          Harm     .   (no cloak)
rCorr   .          Rampage  .   (no gloves)
Will    .....                   (no boots)
Stlth   +.........              (no amulet)
HPRegen 0.04/turn               (no ring)
MPRegen 0.07/turn               (no ring)

@: no status effects
A: sickness immunity, AC +2, negative energy resistance 1, electricity
resistance, torment resistance 1, petrification resistance
a: Renounce Religion, Berserk


You were on level 1 of the Dungeon.
You worshipped Trog.
Trog was aware of your devotion.
You visited 1 branch of the dungeon, and saw 1 of its levels.

You collected 22 gold pieces.

Inventory:

Hand Weapons
 a - a +0 mace (weapon)
Armour
 b - a +0 animal skin (worn)


   Skills:
 + Level 3.3 Fighting
 * Level 3.2 Maces & Flails
 + Level 2.2 Armour
 + Level 1.6 Dodging


You couldn't memorise any spells.
You didn't know any spells.
Your spell library was empty.

Dungeon Overview and Level Annotations

Branches:
Dungeon (1/15)

Altars:


Innate Abilities, Weirdness & Mutations

You are immune to sickness and miasma.
Your stone body is resilient. (AC +2)
You are immune to poison.
You resist negative energy. (rN+)
You are resistant to electric shocks. (rElec)
You are resistant to unholy torment.
You are immune to petrification.


Message History

Unknown command.
You barely miss the ball python.
The ball python is heavily wounded.
The endoplasm hits you but does no damage.
The ball python closely misses you. The ball python constricts you.
You sock the endoplasm!
You kill the endoplasm!
Trog accepts your kill. The ball python bites you.
* * * LOW HITPOINT WARNING * * *
The ball python constricts you.
The ball python bites you but does no damage.
The ball python constricts you.
You barely miss the ball python.
The ball python is heavily wounded.
The ball python barely misses you. The ball python constricts you.
The frilled lizard bites you but does no damage.
You hit the ball python but do no damage.
The ball python is heavily wounded.
The ball python closely misses you. The ball python constricts you.
The frilled lizard bites you but does no damage.
The ball python completely misses you. The ball python constricts you.
You sock the ball python!
You kill the ball python!
Trog accepts your kill.
The frilled lizard bites you but does no damage.
The frilled lizard barely misses you.
You sock the frilled lizard!
You kill the frilled lizard!
Trog accepts your kill.
The frilled lizard bites you but does no damage.
The frilled lizard bites you but does no damage.
You sock the frilled lizard!
You kill the frilled lizard!
Trog accepts your kill.
You miss the kobold. The kobold closely misses you.
The kobold barely misses you.
You closely miss the kobold. The kobold hits you but does no damage.
You closely miss the kobold. The kobold hits you with a +0 dagger.
You die...

∙≈∙∙▒∙∙∙∙∙∙▒▒
≈∙∙∙▒∙∙(∙∙∙∙▒
≈∙∙
▒∙▒▒∙▒∙∙▒▒▒▒
▒∙ ▒∙∙∙∙∙∙∙▒▒▒
▒▒▒ ▒∙
▒▒▒▒∙∙∙∙∙∙▒ ∙∙
∙∙ ▒∙▒∙▒▒∙▒▒∙▒
∙ ▒∙▒∙▒▒∙▒∙∙▒
∙∙
▒∙▒∙▒▒∙▒∙▒▒∙∙▒
▒∙∙∙9K∙∙∙∙∙∙∙∙
▒∙∙▒▒▒∙∙∙∙∙∙∙∙
∙∙∙∙▒
▒∙▒∙▒∙∙▒∙


∙∙∙∙∙ ▒∙▒∙▒ ∙∙∙ ∙∙∙ ▒∙∙∙∙∙∙∙∙∙ ∙∙ ∙∙∙∙∙∙∙^∙∙∙ ∙ ▒∙∙∙∙∙∙∙∙∙∙∙∙ ▒∙∙∙∙∙∙∙∙∙∙∙∙
▒∙∙∙∙∙∙∙∙∙∙∙∙∙ You could see a kobold.

Vanquished Creatures
  An endoplasm (D:1)
  2 ball pythons (D:1)
  2 frilled lizards (D:1)
5 creatures vanquished.

Notes
Turn   | Place    | Note
-------+----------+-------------------------------------------
     0 | D:1      | Zeor the Gargoyle Berserker began the quest for the Orb.
     0 | D:1      | Reached XP level 1. HP: 14/14 MP: 1/1
    63 | D:1      | Slain by a kobold

Illustrated notes

Levels and vault maps discovered:
D:1:      wander_arrival_abandoned_jail, layout_rooms,
          shapermc_ecumenical_altar_starsandcircs, minmay_bisected

Action                   || total
-------------------------++-------
Melee: Mace              ||    19
Armor: Animal skin       ||    12
Dodge: Dodged            ||    15
